Map: 国王藏宝地-天梯版

Players

Bly - Winner!

  • Race: Zerg Zerg

Seventy

  • Race: Protoss Protoss
  • League: Diamond

Event: WESG 2018 Grand Finals

VOD

Have the link to the VOD?

Description

Time

  • Played on: March 12, 2019, 4:41 a.m.
  • Length: 3:34

All games in this series

Show
View Real Time Build Order
Export as new Build Order

Bly Zerg - Winner!

Build Orders: Pool Only 

Get SALT Encoding   

  12  0:01  Drone  
  13  0:12  Overlord  
  13  0:18  Drone  
  14  0:30  Drone x2  
  16  0:41  Spawning Pool  
  15  0:46  Drone  
  15  0:49  Drone  
  17  0:57  Drone  
  17  0:58  Extractor  
  17  1:21  Drone  
  18  1:32  Roach Warren  
  17  1:35  Zergling x4  
  17  1:39  Spine Crawler  
  18  1:40  Zergling x2  
  19  1:48  Queen  
  21  1:54  Overlord  
  21  2:12  Roach x2  
  25  2:21  Roach  
  26  2:39  Drone  
  26  2:45  Roach  
  28  2:54  Drone  
  29  2:58  Overlord  
Show
View Real Time Build Order
Export as new Build Order

Seventy Protoss 

Build Orders:  

Get SALT Encoding   

  1  0:00  Probe  
  12  0:05  Probe  
  14  0:22  Pylon  
  14  0:24  Probe  
  15  0:40  Probe  
  16  0:44  Pylon  
  16  0:52  Probe  
  17  0:58  Gateway  
  17  1:07  Gateway  
  17  1:17  Gateway  
  17  1:31  Gateway  
  17  1:32  Probe  
  18  1:45  Zealot  
  20  2:01  Zealot  
  20  2:07  Pylon  
  22  2:17  Pylon  
  22  2:19  Pylon  
  22  2:21  Zealot x2  
  21  2:45  Zealot  
  21  2:48  Zealot  
  24  2:51  Zealot  
Tags
 
Add a new tag
Caveats
  • Supply blocks, unpowered buildings, or Contaminate may cause inaccurate times.
  • Supply counts are checked every 10 seconds.